[Event "Turkish Youth Championship 2024"]
[Site "Samsun"]
[Date "2024.05.24"]
[Round "9"]
[White "Kesici, Eyup Can"]
[Black "Kalyoncu, Beren"]
[Result "1/2-1/2"]
[ECO "B13"]
[WhiteElo "1539"]
[BlackElo "1737"]
[Annotator "NA RC"]
[PlyCount "107"]
[EventDate "2024.05.18"]
[EventType "swiss"]
[EventCountry "TUR"]
[SourceTitle "playchess.com"]
[Source "ChessBase"]
[SourceQuality "1"]
[TimeControl "5400+30"]

1. d4 d5 2. e3 Nf6 3. Bd3 c5 4. c3 cxd4 5. exd4 g6 6. Nd2 Bg7 7. f4 Bf5 8. Qe2 Bxd3 9. Qxd3 e6 10. Qb5+ Qd7 11. Qxd7+ Nbxd7 12. Ngf3 O-O 13. O-O b5 14. a4 a6 15. Ne5 Rfc8 16. Nd3 Bf8 17. axb5 axb5 18. Rxa8 Rxa8 19. Re1 b4 20. Ne5 Rc8 21. Nxd7 Nxd7 22. Re3 Nb6 23. Kf2 Na4 24. Nb1 Bd6 25. g3 Rc6 26. Ke2 Bc7 27. Kd1 Kg7 28. Kc2 Ba5 29. Kb3 Nb6 30. Nd2 bxc3 31. bxc3 Nc4 32. Nxc4 Rxc4 33. Bd2 h5 34. Re1 Kf6 35. h3 Kf5 36. Re5+ Kf6 37. Re1 Kf5 38. Re5+ Kf6 39. Re1 Bc7 40. g4 hxg4 41. hxg4 Bd6 42. Rh1 Kg7 43. g5 Rc8 44. Kc2 Ra8 45. Kb3 Ra3+ 46. Kb2 Ra8 47. Kb3 Rb8+ 48. Kc2 Ra8 49. Kb3 Ra7 50. Kb2 Rb7+ 51. Kc2 Ra7 52. Kb2 Bc7 53. Kb3 Bd6 54. Kb2 1/2-1/2

[Event "Turkish Youth Championship 2024"]
[Site "Samsun"]
[Date "2024.05.24"]
[Round "9"]
[White "Ozer, Yigit Eren"]
[Black "Herdem, Talha"]
[Result "1/2-1/2"]
[ECO "B22"]
[WhiteElo "1519"]
[BlackElo "1844"]
[Annotator "NA RC"]
[PlyCount "92"]
[EventDate "2024.05.18"]
[EventType "swiss"]
[EventCountry "TUR"]
[SourceTitle "playchess.com"]
[Source "ChessBase"]
[SourceQuality "1"]
[TimeControl "5400+30"]

1. e4 c5 2. c3 Nf6 3. e5 Nd5 4. d4 cxd4 5. Nf3 d6 6. Bc4 e6 7. cxd4 Be7 8. O-O O-O 9. Qe2 dxe5 10. dxe5 Bd7 11. Rd1 Bc6 12. Nd4 Bc5 13. Nc3 Nxc3 14. bxc3 Qc7 15. Bf4 a6 16. a4 Re8 17. h4 Nd7 18. Bd3 Bd5 19. Qh5 Nf8 20. Rab1 Ng6 21. Bg3 Rac8 22. Qe2 Be7 23. h5 Nf8 24. Rdc1 Red8 25. c4 Bxg2 26. Nb5 axb5 27. cxb5 Qa5 28. Kxg2 Qxa4 29. Ra1 Qd4 30. Rd1 Qb6 31. Qe4 Rd4 32. Qxd4 Qxd4 33. Bxh7+ Kxh7 34. Rxd4 Kh6 35. Rdd1 Kxh5 36. Rac1 Bc5 37. f3 b6 38. Bf2 Ng6 39. Rh1+ Kg5 40. Be3+ Bxe3 41. Rxc8 Nf4+ 42. Kh2 Nd5 43. Re1 Bf4+ 44. Kg2 Kf5 45. Rf8 f6 46. exf6 gxf6 1/2-1/2